General information
- name: BNet
- type: Ladder team game (AT/RT)
- host: Battle.net
- saver: FOXMoon
map: Mur'gulOasis
- players: 8
- length: 28:42
- speed: Fast
- version: 1.26 W3XP
- replay type: Public
» download(183 KB)
Players
team 1 (winner)

»
T.K.H (
pink | 41 APM | 1180 actions | 28:41)
4 Blademaster
2 Wind Walk
2 Critical Strike
3 Tauren Chieftain
1 War Stomp
2 Endurance Aura
1 Priestess of the Moon
1 Trueshot Aura
» actions
| Assign group hotkey | 1 | |
| Basic commands | 84 | |
| Build / train | 49 | |
| Enter build submenu | 25 | |
| Enter hero's abilities submenu | 8 | |
| Right click | 649 | |
| Select / deselect | 294 | |
| Select group hotkey | 2 | |
| Use ability | 68 | |
1180 total
» units
» upgrades
| Spiked Barricades | 1 | |
| Melee Weapons | 2 | |
| Shaman Training | 2 | |
| Armor | 1 | |
| Pulverize | 1 | |
7 total
» buildings
| Orc Burrow | 6 | |
| Altar of Storms | 1 | |
| War Mill | 1 | |
| Voodoo Lounge | 1 | |
| Watch Tower | 10 | |
| Stronghold | 1 | |
| Spirit Lodge | 1 | |
| Fortress | 1 | |
| Tauren Totem | 2 | |
24 total
» build order
00:11 Orc Burrow
00:17 Altar of Storms
00:32 War Mill
01:24 Voodoo Lounge
01:48 Orc Burrow
02:06 Watch Tower
03:15 Stronghold
03:27 Watch Tower
04:52 Watch Tower
05:19 Orc Burrow
05:27 Orc Burrow
05:33 Watch Tower
05:41 Spirit Lodge
05:46 Fortress
07:23 Orc Burrow
08:21 Tauren Totem
08:54 Tauren Totem
11:23 Orc Burrow
20:26 Watch Tower
20:28 Watch Tower
20:31 Watch Tower
20:34 Watch Tower
22:39 Watch Tower
22:52 Watch Tower
» items
| Healing Salve | 3 | |
| Potion of Healing | 1 | |
| Orb of Lightning | 1 | |
| Scroll of Healing | 1 | |
| Periapt of Vitality | 1 | |
| Boots of Speed | 1 | |
8 total
FOXMoon (
yellow | 57 APM | 1649 actions | 28:42)
6 Dark Ranger
3 Black Arrow
2 Silence
1 Charm
4 Death Knight
2 Death Coil
2 Unholy Aura
» actions
| Assign group hotkey | 100 | |
| Basic commands | 138 | |
| Build / train | 74 | |
| Enter build submenu | 21 | |
| Enter hero's abilities submenu | 10 | |
| Right click | 648 | |
| Select / deselect | 313 | |
| Select group hotkey | 306 | |
| Use ability | 39 | |
1649 total
» units
| Acolyte | 2 | |
| Ghoul | 4 | |
| Crypt Fiend | 24 | |
| Frost Wyrm | 4 | |
| Peasant | 1 | |
35 total
» upgrades
| Creature Attack | 3 | |
| Web | 1 | |
| Creature Carapace | 1 | |
| Freezing Breath | 1 | |
6 total
» buildings
| Altar of Darkness | 1 | |
| Crypt | 1 | |
| Ziggurat | 10 | |
| Graveyard | 1 | |
| Nerubian Tower | 4 | |
| Halls of the Dead | 4 | |
| Tomb of Relics | 1 | |
| Black Citadel | 1 | |
| Spirit Tower | 7 | |
| Sacrificial Pit | 1 | |
| Boneyard | 1 | |
| Necropolis | 1 | |
| Town Hall | 1 | |
34 total
» build order
00:14 Altar of Darkness
00:16 Crypt
00:48 Ziggurat
01:35 Graveyard
02:00 Ziggurat
02:48 Ziggurat
03:14 Nerubian Tower
03:15 Nerubian Tower
03:15 Nerubian Tower
04:09 Halls of the Dead
04:09 Halls of the Dead
04:09 Halls of the Dead
04:32 Tomb of Relics
06:40 Black Citadel
07:23 Ziggurat
08:57 Spirit Tower
10:09 Ziggurat
12:23 Sacrificial Pit
13:47 Boneyard
14:43 Spirit Tower
14:55 Spirit Tower
15:03 Ziggurat
16:10 Spirit Tower
20:18 Ziggurat
21:37 Spirit Tower
21:37 Spirit Tower
21:59 Ziggurat
23:48 Necropolis
24:09 Town Hall
24:45 Ziggurat
24:46 Ziggurat
» items
daeboo (
green | 85 APM | 1756 actions | 20:37)
5 Keeper of the Grove
2 Force of Nature
3 Entangling Roots
4 Priestess of the Moon
2 Trueshot Aura
2 Searing Arrows
» actions
| Assign group hotkey | 20 | |
| Build / train | 58 | |
| Enter build submenu | 18 | |
| Enter hero's abilities submenu | 9 | |
| Remove unit from queue | 1 | |
| Right click | 906 | |
| Select / deselect | 210 | |
| Select group hotkey | 474 | |
| Use ability | 60 | |
1756 total
» units
| Wisp | 15 | |
| Archer | 7 | |
| Huntress | 4 | |
| Chimaera | 3 | |
| Druid of the Talon | 1 | |
30 total
» upgrades
| Ultravision | 1 | |
| Strength of the Moon | 3 | |
| Moon Armor | 2 | |
| Improved Bows | 1 | |
| Well Spring | 1 | |
| Upgrade Moon Glaive | 1 | |
| Marksmanship | 1 | |
| Corrosive Breath | 1 | |
| Strength of the Wild | 1 | |
| Druid of the Talon Training | 1 | |
| Reinforced Hides | 1 | |
14 total
» buildings
| Moon Well | 7 | |
| Altar of Elders | 1 | |
| Ancient of War | 1 | |
| Hunter's Hall | 1 | |
| Tree of Ages | 1 | |
| Tree of Eternity | 1 | |
| Ancient of Wind | 1 | |
| Chimaera Roost | 2 | |
| Tree of Life | 3 | |
18 total
» build order
00:13 Moon Well
00:21 Altar of Elders
01:16 Moon Well
01:31 Ancient of War
02:13 Moon Well
03:20 Hunter's Hall
04:09 Tree of Ages
05:15 Moon Well
07:05 Tree of Eternity
07:10 Moon Well
08:36 Ancient of Wind
08:45 Moon Well
09:45 Chimaera Roost
09:47 Chimaera Roost
09:53 Moon Well
15:19 Tree of Life
16:18 Tree of Life
20:00 Tree of Life
wittywally (
blue | 83 APM | 2381 actions | 28:41)
4 Demon Hunter
2 Mana Burn
1 Evasion
1 Metamorphosis
» actions
| Assign group hotkey | 21 | |
| Build / train | 60 | |
| Enter build submenu | 23 | |
| Enter hero's abilities submenu | 4 | |
| Give item / drop item | 1 | |
| Right click | 1078 | |
| Select / deselect | 352 | |
| Select group hotkey | 811 | |
| Use ability | 31 | |
2381 total
» units
| Wisp | 17 | |
| Huntress | 3 | |
| Druid of the Talon | 6 | |
| Dryad | 7 | |
| Chimaera | 2 | |
35 total
» upgrades
| Moon Armor | 2 | |
| Strength of the Moon | 1 | |
| Reinforced Hides | 3 | |
| Strength of the Wild | 3 | |
| Upgrade Moon Glaive | 1 | |
10 total
» buildings
| Altar of Elders | 1 | |
| Moon Well | 6 | |
| Hunter's Hall | 2 | |
| Ancient of War | 3 | |
| Tree of Ages | 1 | |
| Tree of Eternity | 1 | |
| Ancient of Wind | 3 | |
| Ancient of Lore | 1 | |
| Chimaera Roost | 1 | |
| Tree of Life | 1 | |
20 total
» build order
00:05 Altar of Elders
00:12 Moon Well
02:06 Hunter's Hall
02:08 Ancient of War
02:09 Ancient of War
02:10 Moon Well
02:13 Moon Well
02:21 Ancient of War
02:28 Hunter's Hall
04:30 Tree of Ages
07:05 Tree of Eternity
07:15 Ancient of Wind
07:20 Ancient of Wind
07:22 Ancient of Lore
07:29 Ancient of Wind
08:30 Moon Well
08:33 Moon Well
11:11 Chimaera Roost
16:29 Moon Well
19:05 Tree of Life
» items
| Orb of Lightning | 1 | |
| Scroll of Town Portal | 1 | |
| Boots of Speed | 1 | |
| Scroll of Healing | 1 | |
4 total
team 2 (loser)

»
The_Undietaker (
red | 39 APM | 707 actions | 18:18)
4 Far Seer
2 Far Sight
2 Feral Spirit
3 Tauren Chieftain
2 Endurance Aura
1 War Stomp
» actions
| Assign group hotkey | 32 | |
| Basic commands | 4 | |
| Build / train | 51 | |
| Enter build submenu | 12 | |
| Enter hero's abilities submenu | 8 | |
| Give item / drop item | 1 | |
| Remove unit from queue | 2 | |
| Right click | 279 | |
| Select / deselect | 152 | |
| Select group hotkey | 128 | |
| Use ability | 38 | |
707 total
» units
| Peon | 7 | |
| Troll Headhunter/Berserker | 13 | |
| Demolisher | 1 | |
21 total
» upgrades
| Ranged Weapons | 3 | |
| Armor | 1 | |
| Spiked Barricades | 1 | |
| Troll Regeneration | 1 | |
| Berserker Upgrade | 1 | |
| Burning Oil | 1 | |
8 total
» buildings
| War Mill | 1 | |
| Orc Burrow | 5 | |
| Watch Tower | 2 | |
| Altar of Storms | 1 | |
| Barracks | 2 | |
| Voodoo Lounge | 1 | |
| Stronghold | 1 | |
| Fortress | 1 | |
14 total
» build order
00:08 War Mill
00:24 Orc Burrow
01:22 Orc Burrow
01:26 Watch Tower
01:48 Watch Tower
02:05 Altar of Storms
02:25 Barracks
02:38 Barracks
02:51 Voodoo Lounge
03:04 Orc Burrow
06:15 Stronghold
07:23 Orc Burrow
08:45 Fortress
09:58 Orc Burrow
» items
| Scroll of Town Portal | 4 | |
| Orb of Lightning | 1 | |
| Healing Salve | 3 | |
| Lesser Clarity Potion | 1 | |
9 total
keny (
teal | 61 APM | 1042 actions | 17:01)
3 Priestess of the Moon
2 Trueshot Aura
1 Scout
3 Dark Ranger
2 Black Arrow
1 Silence
» actions
| Assign group hotkey | 13 | |
| Basic commands | 95 | |
| Build / train | 46 | |
| ESC pressed | 1 | |
| Enter build submenu | 19 | |
| Enter hero's abilities submenu | 6 | |
| Remove unit from queue | 2 | |
| Right click | 512 | |
| Select / deselect | 225 | |
| Select group hotkey | 79 | |
| Use ability | 44 | |
1042 total
» units
» upgrades
| Improved Bows | 1 | |
| Strength of the Moon | 2 | |
| Moon Armor | 1 | |
4 total
» buildings
| Altar of Elders | 1 | |
| Moon Well | 6 | |
| Tree of Ages | 1 | |
| Ancient of Wonders | 1 | |
| Ancient of War | 2 | |
| Hunter's Hall | 2 | |
13 total
» build order
00:12 Altar of Elders
00:14 Moon Well
01:54 Tree of Ages
02:06 Moon Well
02:11 Ancient of Wonders
02:34 Ancient of War
02:59 Ancient of War
06:07 Moon Well
06:09 Moon Well
07:08 Moon Well
07:10 Moon Well
08:51 Hunter's Hall
08:54 Hunter's Hall
» items
Crimsarco (
purple | 30 APM | 864 actions | 28:41)
4 Warden
2 Fan of Knives
1 Blink
1 Shadow Strike
» actions
| Basic commands | 4 | |
| Build / train | 68 | |
| Enter build submenu | 25 | |
| Enter hero's abilities submenu | 4 | |
| Remove unit from queue | 5 | |
| Right click | 423 | |
| Select / deselect | 262 | |
| Use ability | 73 | |
864 total
» units
| Wisp | 11 | |
| Archer | 3 | |
| Glaive Thrower | 11 | |
| Hippogryph | 6 | |
| Druid of the Claw | 5 | |
| Faerie Dragon | 2 | |
| Demolisher | 3 | |
| Peon | 6 | |
47 total
» upgrades
| Strength of the Moon | 2 | |
| Strength of the Wild | 2 | |
| Reinforced Hides | 2 | |
| Vorpal Blades | 1 | |
| Druid of the Claw Training | 2 | |
9 total
» buildings
| Altar of Elders | 1 | |
| Moon Well | 7 | |
| Ancient of War | 1 | |
| Hunter's Hall | 1 | |
| Tree of Ages | 1 | |
| Ancient of Wonders | 2 | |
| Ancient Protector | 1 | |
| Ancient of Lore | 2 | |
| Ancient of Wind | 1 | |
| Tree of Eternity | 1 | |
| Great Hall | 2 | |
| Orc Burrow | 2 | |
| Barracks | 1 | |
| Altar of Storms | 1 | |
| War Mill | 2 | |
26 total
» build order
00:27 Altar of Elders
00:28 Moon Well
00:44 Ancient of War
01:26 Moon Well
02:14 Hunter's Hall
03:37 Moon Well
05:11 Tree of Ages
05:16 Moon Well
06:19 Moon Well
06:23 Ancient of Wonders
06:26 Moon Well
06:28 Ancient of Wonders
11:55 Ancient Protector
12:13 Ancient of Lore
12:16 Ancient of Lore
12:19 Ancient of Wind
14:50 Tree of Eternity
14:59 Moon Well
22:16 Great Hall
24:55 Orc Burrow
25:22 Barracks
25:29 Orc Burrow
25:33 Altar of Storms
25:39 War Mill
25:45 War Mill
27:18 Great Hall
» items
| Dust of Appearance | 2 | |
| Scroll of Town Portal | 1 | |
3 total
degree451 (
orange | 67 APM | 1911 actions | 28:41)
4 Archmage
2 Summon Water Elemental
2 Blizzard
» actions
| Assign group hotkey | 29 | |
| Basic commands | 5 | |
| Build / train | 62 | |
| Enter build submenu | 24 | |
| Enter hero's abilities submenu | 4 | |
| Remove unit from queue | 2 | |
| Right click | 766 | |
| Select / deselect | 292 | |
| Select group hotkey | 672 | |
| Use ability | 55 | |
1911 total
» units
| Peasant | 12 | |
| Footman | 6 | |
| Flying Machine | 20 | |
38 total
» upgrades
| Masonry | 2 | |
| Lumber Harvesting | 1 | |
| Plating | 1 | |
| Gunpowder | 1 | |
| Flying Machine Bombs | 1 | |
| Flak Cannons | 1 | |
7 total
» buildings
| Altar of Kings | 1 | |
| Lumber Mill | 2 | |
| Farm | 9 | |
| Scout Tower | 14 | |
| Barracks | 1 | |
| Guard Tower | 8 | |
| Keep | 1 | |
| Blacksmith | 1 | |
| Castle | 1 | |
| Workshop | 5 | |
| Arcane Sanctum | 1 | |
44 total
» build order
00:37 Altar of Kings
00:59 Lumber Mill
01:06 Farm
01:28 Farm
01:37 Farm
01:53 Farm
02:14 Scout Tower
02:19 Scout Tower
02:37 Barracks
02:50 Guard Tower
03:19 Guard Tower
03:25 Scout Tower
03:27 Scout Tower
04:19 Guard Tower
04:23 Farm
04:23 Farm
05:10 Scout Tower
05:18 Lumber Mill
05:19 Keep
05:52 Guard Tower
06:33 Scout Tower
06:34 Scout Tower
06:35 Scout Tower
06:36 Scout Tower
06:42 Blacksmith
07:24 Guard Tower
08:11 Guard Tower
08:13 Castle
08:38 Workshop
08:40 Workshop
08:45 Scout Tower
08:49 Scout Tower
08:49 Scout Tower
09:00 Workshop
09:01 Workshop
09:04 Workshop
09:55 Guard Tower
10:01 Arcane Sanctum
11:44 Scout Tower
11:45 Scout Tower
12:34 Guard Tower
14:52 Farm
14:53 Farm
14:54 Farm
Chat log
(00:27 / Allies) FOXMoon: plan?
(00:54 / Allies) T.K.H: taurens shamshere
(00:59 / Allies) T.K.H: ima harass
(04:01 / Allies) T.K.H: tech
(04:49 / All) degree451: lol
(04:53 / All) degree451: dick sausage
(05:42 / All) degree451: do you like dick or sausage?
(05:48 / All) T.K.H: both
(05:57 / All) degree451: agreed
(06:00 / All) degree451: (_(_)=D
(06:06 / Allies) T.K.H: gold me please
(06:06 / All) degree451: midget dick was the correct answer
(06:18 / All) T.K.H: damn
(06:24 / All) T.K.H: that was my first thought
(06:55 / All) degree451: if i wanted midget dick i would have ordered it
(07:09 / All) FOXMoon: i want some small fries and midget dick
(07:13 / Allies) T.K.H: blue let get it
(07:29 / Allies) T.K.H: gold?
(08:29 / Allies) T.K.H: really
(08:30 / Allies) T.K.H: wow
(08:47 / Allies) FOXMoon: inc I think
(08:52 / Allies) wittywally: tower up
(09:05 / Allies) T.K.H: come now
(09:30 / All) degree451: another hero focus faggot
(09:33 / All) degree451: named pink
(09:41 / All) T.K.H: nope
(09:42 / All) degree451: shama lama ding don
(10:22 / Allies) wittywally: together
(11:10 / Allies) T.K.H: lets go
(11:32 / Allies) T.K.H: get em
(12:17 / Allies) T.K.H: go
(14:07 / Allies) T.K.H: main
(15:09 / All) wittywally: no wisp ?
(15:15 / All) wittywally: :D
(15:45 / All) T.K.H: u still think i hero ficusded?
(15:49 / All) degree451: so sexy
(15:58 / All) degree451: ez
(17:46 / All) The_Undietaker: everyone tell oj how much u appreciate this win
(17:56 / All) FOXMoon: thanks for the win oj
(17:58 / All) degree451: god damn i'm sexy
(17:59 / All) FOXMoon: much appreciated
(17:59 / All) The_Undietaker: he has 1/1 copters
(18:14 / All) The_Undietaker: sos sad there are people that are this dumb in the world
(18:34 / All) degree451: ez
(18:37 / All) FOXMoon: eZ
(19:38 / All) degree451: u naughty girl
(19:44 / All) FOXMoon: raped
(19:46 / All) Crimsarco: lmao
(20:03 / All) degree451: i rape me some green
(20:37 / All) degree451: ez
(20:39 / All) degree451: like green's mom
(20:50 / Allies) FOXMoon: eZ like your 482-513 w/l record
(21:02 / All) FOXMoon: don't cry oj
(21:07 / All) FOXMoon: it might get better one day
(21:11 / All) T.K.H: u gonna attack me oj?
(21:25 / All) FOXMoon: oj si desperate for the win
(21:36 / All) T.K.H: come get me oj
(22:28 / All) T.K.H: come to me oj
(22:58 / All) degree451: u better tp
(23:00 / All) degree451: or u history
(23:09 / All) FOXMoon: k
(23:16 / All) T.K.H: come to me oj
(23:36 / All) FOXMoon: combatEx wannabe
(24:03 / All) degree451: all me
(24:10 / All) degree451: skillzless cunts
(24:14 / All) FOXMoon: like my town hall
(24:16 / All) FOXMoon: in your base?
(25:29 / Allies) T.K.H: i hope he goes for mine
(25:36 / Allies) FOXMoon: lol
(25:59 / All) wittywally: gg
(26:02 / All) FOXMoon: gg
(26:04 / All) FOXMoon: raped
(26:12 / All) degree451: agreed
(26:15 / All) degree451: i did rape u
(26:18 / All) FOXMoon: raped us so hard
(26:21 / All) FOXMoon: that you lost
(26:30 / All) FOXMoon: and that I built a town hall in your base
(26:35 / All) FOXMoon: because you're a CombatEX wannabe
(26:46 / All) degree451: skillzless
(26:53 / All) FOXMoon: hey
(27:00 / All) FOXMoon: at least we don't have 482-513 w/l records
(27:01 / All) FOXMoon: bro
(27:05 / All) degree451: wisp master
(27:06 / All) degree451: you are
(27:07 / All) degree451: lolk
(27:19 / All) degree451: hero focus wisp master
(27:39 / All) degree451: pink didn't like that
(27:47 / All) degree451: hero focus faggot
(28:01 / All) T.K.H: excpet i have more units production than you
(28:02 / Allies) T.K.H: lol
(28:10 / Allies) T.K.H: hes going
(28:13 / Allies) T.K.H: finally
(28:13 / All) degree451: for butt sex?
(28:15 / All) FOXMoon: kill pink oj
(28:17 / All) FOXMoon: you can rape him
(28:24 / Allies) T.K.H: ll
(28:28 / Allies) FOXMoon: lols
(28:40 / All) FOXMoon: gg